 Dungeon Crawl Stone Soup version 0.28-b1-25-g9875b3fc8c (webtiles) character file.

Game seed: 4606041848362821730

73 mopl the Sneak (level 4, -2/29 HPs)
             Began as an Octopode Brigand on Feb 7, 2022.
             Was a Follower of Uskayaw.
             Succumbed to a scorpion's poison
             ... on level 3 of the Dungeon.
             The game lasted 00:02:12 (1312 turns).

mopl the Sneak (Octopode Brigand)                   Turns: 1312, Time: 00:02:13

Health: -2/29      AC:  1    Str: 10    XL:     4   Next: 27%
Magic:  4/4        EV: 12    Int: 13    God:    Uskayaw [*.....]
Gold:   75         SH:  0    Dex: 15    Spells: 1/3 levels left

rFire   + . .      SeeInvis .   a - +2 dagger
rCold   + . .      Faith    .   (no shield)
rNeg    . . .      Spirit   .   (helmet restricted)
rPois   +          Reflect  .   (no amulet)
rElec   +          Harm     .   (no ring)
rCorr   +          Rampage  .   (no ring)
Will    .....                   (no ring)
Stlth   ++++......              (no ring)
HPRegen 0.09/turn               (no ring)
MPRegen 0.09/turn               (no ring)
                                (no ring)
                                (no ring)

@: lethally poisoned (-2 -> -13), resistant
A: almost no armour, amphibious, 8 rings, camouflage 1, gelatinous body 1,
(nimble swimmer 1), tentacles
a: Renounce Religion, Stomp


You were on level 3 of the Dungeon.
You worshipped Uskayaw.
Uskayaw was noncommittal.
You visited 1 branch of the dungeon, and saw 3 of its levels.

You collected 75 gold pieces.

Inventory:

Hand Weapons
 a - a +2 dagger (weapon)
Missiles
 b - 6 poisoned darts (quivered)
 c - 2 curare-tipped darts
 h - 3 boomerangs
Scrolls
 f - 2 scrolls of identify {unknown}
 g - a scroll of summoning {unknown}
 i - a scroll of teleportation {unknown}
Potions
 e - a potion of haste {unknown}


   Skills:
 - Level 2.0 Fighting
 + Level 2.8 Short Blades
 + Level 2.8 Throwing
 - Level 1.0 Dodging
 + Level 6.1 Stealth
 + Level 0.2 Spellcasting
 + Level 0.5 Transmutations
 + Level 0.4 Earth Magic
 + Level 0.7 Invocations


You had one spell level left.
You knew the following spells:

 Your Spells              Type           Power      Damage    Failure   Level
p - Passwall              Tmut/Erth      0%         N/A       36%         2

Your spell library contained the following spells:

 Spells                   Type           Power      Damage    Failure   Level
 Sandblast                Erth           2%         2d4       26%         1
 Stone Arrow              Conj/Erth      0%         3d7       63%         3


Dungeon Overview and Level Annotations

Branches:
Dungeon (3/15)

Altars:
Uskayaw


Innate Abilities, Weirdness & Mutations

You cannot wear most types of armour.
You are amphibious.
You can wear up to eight rings at the same time.
Your skin changes colour to match your surroundings (Stealth+).
Your rubbery body absorbs attacks. (AC +1, EV +1)
((You are camouflaged when in or above water. (Stealth+)))
You have tentacles for arms and can constrict up to eight enemies at once.


Message History

The hobgoblin is severely wounded.
You constrict the hobgoblin.
A scorpion comes into view.
The hobgoblin hits you.
You hit the hobgoblin.
You kill the hobgoblin!
Found an escape hatch in the ceiling.
Throw: 8 darts (poison)
Press: ? - help, Q - select action, (/) - cycle Shift-Dir - straight line, f - scorpion
Aim: a scorpion (60% to hit)
You throw a poisoned dart.
The poisoned dart closely misses the scorpion.
The scorpion stings you.
You are poisoned.
The scorpion poisons you!
Unknown command.
Throw: 7 darts (poison)
Press: ? - help, Q - select action, (/) - cycle Shift-Dir - straight line, f/p - scorpion
Aim: a scorpion (60% to hit)
You throw a poisoned dart. The poisoned dart hits the scorpion.
The scorpion is poisoned.
You feel very sick. The scorpion stings you.
You feel sick.
You feel sick.
You feel sick.
Found a rapier.
You feel sick.
You feel sick. The scorpion stings you.
* * * LOW HITPOINT WARNING * * *
You are lethally poisoned!
The scorpion poisons you!
* * * LOW HITPOINT WARNING * * *
You feel very sick.
Found a stone staircase leading up.
* * * LOW HITPOINT WARNING * * *
You feel very sick.
The scorpion looks more healthy.
It was a potion of resistance.
You feel protected.
You die...

<..# ...# ##..#
.).. #..#
######..#
........####
#@...# #. #s...#
#. ##..?# #
##.#####.##
.##...##.#.##
.......?.†..##
#....?....†####
##............#
#.........(.....#


You could see a scorpion.

Vanquished Creatures
  2 adders
  A worm (D:2)
  2 dart slugs (D:1)
  5 bats
  5 endoplasms
  A giant cockroach (D:1)
  6 goblins
  4 hobgoblins
  2 jackals (D:2)
  4 quokkas
  2 ball pythons (D:1)
  2 frilled lizards (D:1)
  4 kobolds
  2 rats (D:1)
42 creatures vanquished.

Notes
Turn   | Place    | Note
-------+----------+-------------------------------------------
     0 | D:1      | mopl the Octopode Brigand began the quest for the Orb.
     0 | D:1      | Reached XP level 1. HP: 14/14 MP: 1/1
   149 | D:1      | Reached XP level 2. HP: 10/19 MP: 2/2
   500 | D:1      | Reached XP level 3. HP: 22/24 MP: 3/3
   710 | D:2      | Found a faded altar of an unknown god.
   718 | D:2      | Prayed at the altar of an unknown god.
   718 | D:2      | Became a worshipper of Uskayaw the Reveller
   718 | D:2      | Reached * piety under Uskayaw
   828 | D:2      | Learned a level 2 spell: Passwall
   973 | D:2      | Reached ** piety under Uskayaw
   974 | D:2      | Reached XP level 4. HP: 14/29 MP: 4/4
   999 | D:2      | Reached skill level 6 in Stealth
  1300 | D:3      | Noticed a scorpion
  1311 | D:3      | HP: 1/29 [poisoned by a scorpion]
  1312 | D:3      | Succumbed to a scorpion's poison

Illustrated notes

Levels and vault maps discovered:
D:1:      dpeg_arrival_three_smaller_balls, layout_loops_ring,
          hangedman_decor_slide_cut
D:2:      layout_basic, shapermc_ecumenical_altar_pompeii
D:3:      layout_loops_ring, serial_shops, shop_coins

Skill      XL: |  1  2  3  4 |
---------------+-------------+-----
Stealth        | 6 |  6.1
Fighting       | |  2.0
Short Blades   | |  2.8
Throwing       | |  2.8
Dodging        | |  1.0
Spellcasting   | |  0.2
Transmutations | |  0.5
Earth Magic    | |  0.4
Invocations    | |  0.7

Action                   |  1- 3 |  4- 6 || total
-------------------------+-------+-------++-------
Melee: Dagger            |    66 |    12 ||    78
       Constrict         |    13 |     2 ||    15
       Tentacles         |     8 |     2 ||    10
Throw: Dart              |       |     2 ||     2
  Use: Potion            |       |     1 ||     1
 Stab: Sleeping          |    16 |     1 ||    17
Armor: Skin              |     8 |       ||     8
Dodge: Dodged            |    23 |     6 ||    29
